 Dungeon Crawl Stone Soup version 0.13.0-25-g43d4df3 (webtiles) character file.

3611 Malachi the Grappler (level 9, 0/69 HPs)
             Began as a Centaur Transmuter on Oct 27, 2013.
             Was a Follower of Kikubaaqudgha.
             Killed by divine providence
             ... invoked by an orc priest
              (10 damage)
             ... on Level 9 of the Dungeon.
             The game lasted 00:28:00 (10152 turns).

Malachi the Grappler (Centaur Transmuter)          Turns: 10152, Time: 00:28:00

HP   0/69        AC 10     Str 13      XL: 9   Next: 64%
MP  10/10        EV  9     Int 15      God: Kikubaaqudgha [*.....]
Gold 421         SH  0     Dex 10      Spells:  4 memorised,  0 levels left

Res.Fire  : . . .   See Invis. : .     - Unarmed
Res.Cold  : . . .   Warding    : .   i - +2 elf robe
Life Prot.: . . .   Conserve   : .   (no shield)
Res.Poison: .       Res.Corr.  : +   (helmet restricted)
Res.Elec. : .       Clarity    : .   (no cloak)
Sust.Abil.: . .     Spirit.Shd : .   k - -1 pair of gauntlets
Res.Mut.  : .       Stasis     : .   (no barding)
Res.Rott. : .       Flight     : .   B - amulet of resist corrosion
Saprovore : . . .                    M - +4 ring of protection
                                     p - ring of wizardry

@: appendage (expiring), very quick, slightly resistant to hostile enchantments,
very unstealthy
A: hooves 3, horns 2, deformed body, herbivore 1, speed 2, fast metabolism 1,
tough skin 3
a: End Transformation, Receive Corpses, Renounce Religion


You were on level 9 of the Dungeon.
You worshipped Kikubaaqudgha.
Kikubaaqudgha was aware of your devotion.
You were not hungry.
You had grown temporary horns.
You visited 2 branches of the dungeon, and saw 10 of its levels.

You collected 479 gold pieces.
You spent 78 gold pieces at shops.

Inventory:

Hand weapons
 n - a +0,+1 bow of flame
Missiles
 b - 43 arrows
 D - 2 arrows of dispersal
Armour
 i - a +2 elven robe (worn)
 k - a -1 pair of gauntlets (worn)
Magical devices
 H - a wand of draining (7)
Comestibles
 a - 8 bread rations
 g - 4 meat rations
Scrolls
 c - 2 scrolls of blinking
 j - a scroll of recharging
 m - 3 scrolls of teleportation
 o - 4 scrolls of enchant armour
 w - a scroll of enchant weapon II {unknown}
 y - 3 scrolls of remove curse
 C - a scroll of random uselessness
Jewellery
 p - a ring of wizardry (left hand)
 B - an amulet of resist corrosion (around neck)
 F - an uncursed ring of regeneration
 M - a +4 ring of protection (right hand)
Potions
 f - 4 potions of agility
 s - 2 potions of speed
 u - a potion of porridge
 z - a potion of might
 K - 3 potions of invisibility
Books
 d - a book of Changes

   Spells                             Type                      Level
   *Beastly Appendage                 Transmutation                1
   *Sticks to Snakes                  Transmutation                2
   *Spider Form                       Transmutation/Poison         3
   Ice Form                           Ice/Transmutation            4
   *Blade Hands                       Transmutation                5
 h - Kikubaaqudgha's Tome of Necromancy
   (Kikubaaqudgha gifted it to you on level 8 of the Dungeon)

   Spells                             Type                      Level
   Pain                               Necromancy                   1
   Lethal Infusion                    Charms/Necromancy            2
   Sublimation of Blood               Necromancy                   2
   Regeneration                       Charms/Necromancy            3
   Control Undead                     Necromancy                   4
Magical staves
 J - an uncursed staff of fire
 O - a cursed staff of air


   Skills:
 + Level 4.4 Fighting
 - Level 1.3 Dodging
 - Level 0.4 Stealth
 * Level 10.2 Unarmed Combat
 - Level 1.5 Spellcasting
 * Level 7.7 Transmutations
 - Level 0.6 Evocations


You couldn't memorise any spells.
You knew the following spells:

 Your Spells              Type           Power        Failure   Level  Hunger
a - Beastly Appendage     Trmt           ###...       1%          1    ##.....
b - Sticks to Snakes      Trmt           ###.......   1%          2    ###....
c - Spider Form           Trmt/Pois      ##........   7%          3    ####...
d - Blade Hands           Trmt           ###.......   11%         5    ######.


Dungeon Overview and Level Annotations

Branches:
Dungeon (9/27)             Temple (1/1) D:5             Orc (0/4) D:6
   Lair: D:8-13

Altars:
Ashenzari
Kikubaaqudgha
Nemelex Xobeh
Okawaru
Beogh

Shops:
D:7 *   D:8 *


Innate Abilities, Weirdness & Mutations

You have hooves in place of feet.*
Armour fits poorly on your strangely shaped body.*
You digest meat inefficiently.
You cover ground very quickly.*
You have a fast metabolism.
You have extremely tough skin (AC +3).*
You have a pair of horns on your head.*


Message History

The kobold shoots a poisoned needle.
The poisoned needle hits you!
You are more poisoned.
* * * LOW HITPOINT WARNING * * *
You see here a poisoned needle.
* * * LOW HITPOINT WARNING * * *
You feel sick.
* * * LOW HITPOINT WARNING * * *
You feel sick.
Your transformation is almost over.
* * * LOW HITPOINT WARNING * * *
You feel sick.
Drink which item? (? for menu, Esc to quit)
You feel better.
The giant frog hits you but does no damage.
The giant frog hits you!
* * * LOW HITPOINT WARNING * * *
The orc priest invokes the aid of Beogh against you.
Something smites you!
You die...
Kikubaaqudgha rasps: "You have failed me!
Welcome... death!"

### #.# #..
#######.#########
..?.......C<......
########.##.######
#...#.............
#F#.#.##.#C..#####
#@#C# ...#...#...
..#.#K######(..#.#
....#.#(.(((.(.....###
.......o...C...........
.##.#................#
##+##....#####....#.#
#........+ +....#.#
#...o....# #....# # .
#........# #....#.


You could see a giant frog and an orc priest.

Vanquished Creatures
  A hill giant (D:7)
  A two-headed ogre (D:9)
  A hippogriff (D:8)
  2 orc warriors
  A sky beast (D:8)
  2 centaurs
  3 ogres
  Duvessa (D:4)
  3 giant frogs
  3 jellies
  3 killer bees (D:8)
  3 crimson imps
  Dowan (D:4)
  A quasit (D:5)
  7 orc wizards
  6 orc priests
  2 worker ants
  4 iguanas
  A two-headed ogre skeleton (D:9)
  2 scorpions
  A mummy (D:8)
  7 adders
  4 gnolls (D:4)
  A giant centipede (D:8)
  A giant mite (D:6)
  2 worms
  3 giant eyeballs
  4 giant geckos
  23 orcs
  2 bat zombies
  2 giant cockroaches
  8 goblins
  16 hobgoblins
  3 jackals
  12 kobolds
  11 quokkas
  11 bats
  4 giant newts
  A giant spore (D:8)
  A goblin skeleton (D:5)
  11 rats
  A rat skeleton (D:6)
  A ballistomycete (D:8)
178 creatures vanquished.

Vanquished Creatures (collateral kills)
  2 ogres (D:7)
  3 killer bees (D:8)
  A goblin (D:4)
  A rat skeleton (D:4)
7 creatures vanquished.

Vanquished Creatures (others)
  A jackal (D:8)
1 creature vanquished.

Grand Total: 186 creatures vanquished

Notes
Turn   | Place    | Note
--------------------------------------------------------------
     0 | D:1      | Malachi, the Centaur Transmuter, began the quest for the Orb.
     0 | D:1      | Reached XP level 1. HP: 16/16 MP: 1/1
   144 | D:1      | Reached XP level 2. HP: 23/23 MP: 2/2
   868 | D:2      | Reached skill level 4 in Unarmed Combat
   932 | D:2      | Reached XP level 3. HP: 23/28 MP: 4/4
  1602 | D:3      | Reached XP level 4. HP: 17/35 MP: 3/4
  1672 | D:3      | Reached skill level 5 in Unarmed Combat
  2407 | D:4      | Learned a level 2 spell: Sticks to Snakes
  2411 | D:4      | Learned a level 3 spell: Spider Form
  2555 | D:4      | Reached XP level 5. HP: 21/40 MP: 1/5
  2944 | D:4      | Gained mutation: You digest meat very inefficiently. [potion of mutation]
  2944 | D:4      | Gained mutation: You are partially covered in rugged brown scales (AC +1, +3% HP). [potion of mutation]
  2944 | D:4      | Gained mutation: You are weak. (Str -2) [potion of mutation]
  2986 | D:4      | Reached skill level 6 in Unarmed Combat
  2995 | D:4      | Noticed Duvessa
  2999 | D:4      | Lost mutation: You are partially covered in rugged brown scales (AC +1, +3% HP). [potion of cure mutation]
  2999 | D:4      | Lost mutation: You digest meat very inefficiently. [potion of cure mutation]
  2999 | D:4      | Lost mutation: You are weak. (Str -2) [potion of cure mutation]
  3014 | D:4      | Noticed Dowan
  3362 | D:4      | Killed Dowan
  3534 | D:4      | Killed Duvessa
  3534 | D:4      | Reached XP level 6. HP: 21/48 MP: 1/7
  3951 | D:5      | Entered Level 5 of the Dungeon
  4477 | D:5      | Found a staircase to the Ecumenical Temple.
  5125 | D:6      | Reached skill level 7 in Unarmed Combat
  5125 | D:6      | Reached XP level 7. HP: 37/53 MP: 6/7
  5439 | D:6      | Found a staircase to the Orcish Mines.
  5471 | D:6      | Found a roughly hewn altar of Beogh.
  6746 | Temple   | Entered the Ecumenical Temple
  6760 | Temple   | Became a worshipper of Kikubaaqudgha
  6869 | D:7      | Reached XP level 8. HP: 59/62 MP: 7/9
  6980 | D:7      | Found Prozurepn's Assorted Antiques.
  6988 | D:7      | Bought a scroll labeled COTWAK MI PNO for 26 gold pieces
  6988 | D:7      | Bought a scroll labeled WUSURA LEQACO for 26 gold pieces
  6988 | D:7      | Bought a scroll labeled FUH CEFOPHU for 26 gold pieces
  7043 | D:7      | Reached skill level 8 in Unarmed Combat
  7174 | D:7      | Reached skill level 5 in Transmutations
  7651 | D:7      | Noticed a hill giant
  7688 | D:7      | Killed a hill giant
  7766 | D:7      | Reached skill level 9 in Unarmed Combat
  8608 | D:8      | Reached XP level 9. HP: 21/69 MP: 2/10
  8896 | D:8      | Acquired Kikubaaqudgha's first power
  8896 | D:8      | Received a gift from Kikubaaqudgha
  8900 | D:8      | Identified Kikubaaqudgha's Tome of Necromancy (Kikubaaqudgha gifted it to you on level 8 of the Dungeon)
  9149 | D:8      | Found Ghapt's General Store.
  9322 | D:8      | Paralysed by a giant eyeball for 3 turns
  9393 | D:8      | Reached skill level 10 in Unarmed Combat
  9503 | D:8      | Learned a level 5 spell: Blade Hands
  9745 | D:9      | Noticed a hill giant
 10152 | D:9      | Killed from afar by an orc priest

Action                   |  1- 3 |  4- 6 |  7- 9 || total
-------------------------+-------+-------+-------++-------
Melee: Unarmed           |   104 |   215 |   328 ||   647
 Fire: Bow               |       |       |    12 ||    12
 Cast: Beastly Appendage |     1 |    23 |    38 ||    62
       Sticks to Snakes  |       |    14 |    20 ||    34
       Blade Hands       |       |       |     1 ||     1
Evoke: Wand              |       |       |     7 ||     7
  Use: Potion            |     2 |     3 |     7 ||    12
       Scroll            |       |     6 |    19 ||    25
